Map: Cactus Valley LE (Void)

Players

Musumeci - Winner!

  • Race: Zerg Zerg
  • League: Diamond
  • Spawn Location: 11:00

falkion

  • Race: Zerg Zerg
  • League: Diamond
  • Spawn Location: 7:00

VOD

Have the link to the VOD?

Description

Time

  • Played on: March 2, 2017, 10:41 a.m.
  • Length: 9:25
Show
View Real Time Build Order
Export as new Build Order

Musumeci Zerg - Winner!

Build Orders: Hatch First 

Get SALT Encoding   

  12  0:00  Drone  
  13  0:09  Drone  
  14  0:14  Extractor  
  14  0:16  Drone  
  15  0:29  Overlord  
  15  0:48  Hatchery  
  14  0:56  Drone  
  15  1:02  Extractor  
  14  1:11  Spawning Pool  
  13  1:14  Drone  
  14  1:19  Drone  
  14  1:23  Drone  
  16  1:39  Drone  
  18  1:40  Drone  
  18  1:57  Zergling x2  
  18  1:59  Queen  
  18  2:00  Drone  
  22  2:01  Drone  
  23  2:11  Metabolic Boost  
  23  2:22  Drone x3  
  26  2:36  Drone x2  
  27  2:46  Zergling x2  
  28  2:54  Overlord  
  28  2:59  Baneling Nest  
  28  3:05  Zergling x2  
  27  3:12  Queen  
  29  3:18  Zergling x12  
  35  3:23  Overlord  
  35  3:42  Zergling x2  
  35  3:43  Zergling x8  
  40  3:51  Baneling  
  40  3:52  Baneling  
  37  4:25  Baneling x3  
  36  4:32  Baneling x2  
  36  4:33  Zergling x14  
  38  5:07  Zergling x12  
  37  5:26  Zergling x4  
  35  5:32  Zergling x2  
  35  5:33  Zergling x2  
  37  5:42  Evolution Chamber  
  36  5:45  Zergling x2  
  36  5:46  Zergling x12  
  43  5:51  Baneling  
  43  5:52  Baneling  
  43  5:54  Hatchery  
  43  5:55  Overlord  
  42  6:04  Baneling x2  
  42  6:05  Baneling x2  
  42  6:10  Baneling x3, Overlord  
  42  6:11  Overlord x2  
  42  6:22  Zerg Ground Armor Level 1  
  39  6:47  Baneling  
  39  6:48  Baneling  
  39  6:49  Zergling x2  
  39  6:50  Zergling x22  
  49  7:07  Zergling x2  
  49  7:08  Zergling x16  
  55  7:15  Queen  
  57  7:33  Baneling  
  57  7:35  Baneling x2  
  49  7:46  Baneling  
  49  7:47  Baneling x4  
  49  7:48  Baneling x3  
  41  8:18  Baneling  
  41  8:19  Baneling x2  
  31  8:32  Zergling x2  
  31  8:33  Zergling x46  
  51  8:46  Zergling x2  
  51  8:47  Zergling x4  
  54  9:01  Baneling x3  
  54  9:02  Baneling  
  54  9:03  Baneling  
Show
View Real Time Build Order
Export as new Build Order

falkion Zerg 

Build Orders: Hatch First, Zergling Baneling 

Get SALT Encoding   

  12  0:01  Drone  
  13  0:13  Overlord  
  13  0:17  Drone  
  14  0:32  Drone x2  
  16  0:36  Drone  
  17  0:55  Hatchery  
  16  0:57  Drone  
  16  1:00  Drone  
  18  1:10  Extractor  
  17  1:15  Spawning Pool  
  17  1:18  Drone  
  17  1:33  Drone x2  
  17  1:39  Overlord  
  19  1:52  Drone  
  20  2:05  Zergling x2  
  20  2:06  Queen  
  20  2:07  Queen  
  20  2:08  Zergling x2  
  26  2:10  Metabolic Boost  
  26  2:13  Drone  
  27  2:19  Drone  
  28  2:23  Drone  
  29  2:30  Baneling Nest  
  29  2:31  Drone  
  29  2:39  Drone  
  29  2:40  Drone  
  31  2:44  Drone  
  32  2:51  Drone  
  33  3:03  Hatchery  
  32  3:10  Zergling x2  
  32  3:11  Zergling x4  
  35  3:13  Zergling x2  
  35  3:16  Overlord  
  35  3:17  Overlord  
  36  3:31  Baneling x4  
  36  3:34  Zergling x2  
  36  3:36  Zergling x4  
  36  3:37  Zergling x6  
  36  3:39  Drone  
  43  3:49  Zergling x4  
  45  3:57  Spine Crawler  
  45  4:00  Zergling x8  
  45  4:01  Zergling x2  
  47  4:06  Evolution Chamber  
  46  4:11  Zergling x4  
  40  4:17  Baneling x4  
  40  4:20  Zergling x2  
  42  4:24  Queen, Zergling x2  
  42  4:30  Zergling x2  
  36  5:04  Zergling x6  
  36  5:05  Zergling x12  
  43  5:10  Queen  
  42  5:16  Baneling  
  42  5:17  Baneling x2  
  42  5:19  Zergling x8  
  42  5:28  Zerg Ground Armor Level 1  
  41  5:33  Zergling x4  
  41  5:35  Extractor  
  42  5:40  Zergling x6  
  42  5:41  Zergling x2  
  42  5:42  Zergling x2  
  47  5:53  Drone x3  
  50  6:01  Baneling  
  50  6:02  Baneling x4  
  50  6:03  Drone  
  51  6:05  Drone  
  52  6:13  Zergling x4  
  54  6:36  Baneling x4  
  51  6:40  Zergling x10  
  51  6:41  Zergling x2  
  51  6:44  Drone x3  
  53  6:50  Zergling x6  
  54  6:55  Drone x2  
  44  7:09  Baneling x2  
  44  7:10  Baneling x2  
  44  7:11  Zergling x8  
  44  7:12  Zergling x2  
  49  7:19  Zergling x4  
  51  7:26  Baneling  
  51  7:27  Baneling  
  49  7:44  Zergling x4  
  49  7:46  Baneling  
  51  7:54  Baneling  
  51  7:56  Zergling x2  
  51  7:58  Zergling x2  
  52  8:03  Baneling  
  52  8:19  Zergling x6  
  42  8:25  Zergling x8  
  44  8:33  Drone  
  38  8:48  Spine Crawler  
  38  8:49  Spine Crawler  
  38  8:50  Spine Crawler  
  38  8:55  Drone x4  
  38  9:01  Baneling x2  
  39  9:03  Baneling  
  39  9:06  Zergling x4  
Tags
 
Add a new tag
Caveats
  • Supply blocks, unpowered buildings, or Contaminate may cause inaccurate times.
  • Supply counts are checked every 10 seconds.